 Dungeon Crawl Stone Soup version 0.32-a0-350-g4f4d228785 (webtiles) character file.

Game seed: 17673266382250764293

413 n00bmints the Cudgeller (level 6, -8/53 HPs)
             Began as a Minotaur Berserker on Feb 17, 2024.
             Was a Follower of Trog.
             Killed from afar by Dowan (19 damage)
             ... with a shard of ice
             ... on level 4 of the Dungeon.
             The game lasted 00:16:08 (2801 turns).

n00bmints the Cudgeller (Minotaur Berserker)        Turns: 2801, Time: 00:16:08

Health: -8/53      AC: 12    Str: 23    XL:     6   Next: 59%
Magic:  5/5        EV:  7    Int:  4    God:    Trog [*.....]
Gold:   246        SH:  0    Dex: 10    Spells: 5/5 levels left

rFire   . . .        a - +0 mace
rCold   . . .        (no shield)
rNeg    . . .        m - +0 plate armour
rPois   .            (helmet restricted)
rElec   .            (no cloak)
rCorr   .            (no gloves)
SInv    .            (no boots)
Will    ++...        (no amulet) Stlth
                     (no ring)
HPRegen 1.28/turn    (no ring)
MPRegen 0.09/turn

%: no passive effects
@: strong-willed, on berserk cooldown, regenerating, slowed, very slow
A: horns 2, retaliatory headbutt
a: Renounce Religion, Berserk


You were on level 4 of the Dungeon.
You worshipped Trog.
Trog was aware of your devotion.
You visited 1 branch of the dungeon, and saw 4 of its levels.

You collected 246 gold pieces.

Inventory:

Hand Weapons
 a - a +0 mace (weapon)
 o - a +0 flail
 q - the +8 trident "Ogreslayer" {freeze, ^Drain rC+ Dex+3}
   (You found it on level 2 of the Dungeon)

   Dex+3:     It affects your dexterity (+3).
   rC+:       It protects you from cold.
   ^Drain:    It drains your maximum health when unequipped.
 v - a +0 war axe
Missiles
 y - 2 throwing nets (quivered)
Armour
 m - a +0 plate armour (worn)
Jewellery
 c - a +4 ring of protection
 g - a +5 ring of evasion
 l - an amulet of magic regeneration
Scrolls
 b - a scroll of noise {unknown}
 f - 4 scrolls of teleportation {unknown}
 i - a scroll of identify {unknown}
 j - a scroll of enchant weapon {unknown}
 n - a scroll of poison {unknown}
 r - a scroll of blinking {unknown}
 u - a scroll of vulnerability {unknown}
 x - a scroll of fog {unknown}
Potions
 d - a potion of invisibility {unknown}
 e - a potion of might {unknown}
 h - a potion of brilliance {unknown}
 k - a potion of curing {unknown}
 p - a potion of ambrosia {unknown}
 s - a potion of mutation {unknown}
 t - 2 potions of berserk rage {unknown}
 w - 2 potions of heal wounds {unknown}


   Skills:
 + Level 4.5 Fighting
 * Level 6.6 Maces & Flails
 * Level 1.7 Polearms
 * Level 5.3 Armour
 + Level 2.5 Dodging
 + Level 0.2 Stealth


You had 5 spell levels left.
You didn't know any spells.
Your spell library was empty.

Dungeon Overview and Level Annotations

Branches:
Dungeon (4/15)             Temple (0/1) D:4

Altars:

Annotations:
D:4 Dowan


Innate Abilities, Weirdness & Mutations

You have a pair of horns on your head.
You reflexively headbutt those who attack you in melee.


Message History

Dowan breathes, "And she was my only..."
The adder completely misses you.
A wight comes into view. It is wielding a +0 falchion.
You closely miss the adder. Your headbutt misses the adder.
The adder bites you but does no damage. x2
You miss the adder. You headbutt the adder!
You kill the adder!
Trog accepts your kill.
A giant cockroach comes into view.
Dowan hits you but does no damage.
You hit Dowan. Your headbutt misses Dowan.
Dowan is lightly wounded.
Dowan casts a spell at you. The stone arrow hits you!
Dowan hits you but does no damage.
You miss Dowan.
Dowan is lightly wounded.
Dowan hits you but does no damage. Dowan hits you with a +0 dagger.
You closely miss Dowan.
Dowan is lightly wounded.
Dowan casts a spell at you. The shard of ice hits you!
Dowan says, "Her death will not be in vain!"
Dowan hits you with a +0 dagger. Dowan closely misses you.
Your skin crawls.
You feel strong-willed.
You can no longer call upon Trog for regeneration and willpower.
Dowan shakes with grief.
Dowan gestures at you while chanting. The shard of ice hits you!
Dowan gestures at you while chanting. The stone arrow hits you!
* * * LOW HITPOINT WARNING * * *
The giant cockroach waves its antennae.
Dowan gestures wildly while chanting.
Dowan blinks!
The giant cockroach attacks as it pursues you!
The giant cockroach barely misses you.
Dowan points at you and mumbles some strange words.
The shard of ice hits you!!
You die...

.⌠.#
#....#.....###.#
...###...##.....#
#.#
.........##.....#
#.#
#######..##.....#
.#
##..#.....###.####
##...#...........
###.............
##...^........
#....@e......
#.###B##.#### #.#
#§# #.# #)# #..
.z# ####... ##..
#... ..!.


You could see Dowan (fast), a wight and a giant cockroach.

Vanquished Creatures
  Duvessa (D:4)
  2 jellies (D:4)
  Natasha (D:4)
  4 gnolls (D:4)
  3 adders
  A ribbon worm (D:2)
  16 orcs
  7 ball pythons
  7 endoplasms
  3 giant cockroaches
  6 goblins
  3 hobgoblins
  2 jackals (D:1)
  A quokka (D:2)
  5 bats
  4 frilled lizards
  9 kobolds
  4 rats
79 creatures vanquished.

Notes
Turn   | Place    | Note
-------+----------+-------------------------------------------
     0 | D:1      | n00bmints the Minotaur Berserker began the quest for the
                  | Orb.
     0 | D:1      | Reached XP level 1. HP: 19/19 MP: 0/0
   310 | D:1      | Reached skill level 4 in Maces & Flails
   310 | D:1      | Reached XP level 2. HP: 27/27 MP: 1/1
  1019 | D:2      | Found a faded altar of an unknown god.
  1043 | D:2      | Reached XP level 3. HP: 33/33 MP: 2/2
  1414 | D:2      | Identified the +8 trident "Ogreslayer" {freeze, ^Drain rC+
                  | Dex+3}
  1598 | D:3      | Reached ** piety under Trog
  1613 | D:3      | Reached XP level 4. HP: 39/40 MP: 3/3
  1761 | D:3      | Reached skill level 5 in Maces & Flails
  2363 | D:3      | Reached XP level 5. HP: 46/46 MP: 4/4
  2534 | D:4      | Found a staircase to the Ecumenical Temple.
  2591 | D:4      | Reached skill level 1 in Polearms
  2629 | D:4      | Noticed Natasha
  2636 | D:4      | Killed Natasha
  2652 | D:4      | Reached skill level 6 in Maces & Flails
  2652 | D:4      | Reached XP level 6. HP: 53/53 MP: 5/5
  2776 | D:4      | Noticed Duvessa
  2791 | D:4      | Killed Duvessa
  2791 | D:4      | Noticed Dowan
  2792 | D:4      | Reached skill level 5 in Armour
  2801 | D:4      | Killed from afar by Dowan

Illustrated notes

Levels and vault maps discovered:
D:1:      elethiomel_arrival_shortcut, layout_basic, minmay_misc_feat_x,
          roderic_roman_lattice, minmay_misc_feat_more_columns, st_stairs_8,
          minmay_misc_feat_doors, grunt_decor_cap, serial_bayou_pond_d
D:2:      layout_rooms, dreamdust_ecumenical_altar_statues
D:3:      layout_basic, glass_columns_a, minmay_misc_feat_tiny,
          hangedman_decor_growths
D:4:      old_forge, layout_basic, minmay_temple_entry_junction, uniq_duvessa,
          uniq_natasha

Skill      XL: |  1  2  3  4  5  6 |
---------------+-------------------+-----
Maces & Flails | 4 5 6 |  6.6
Armour         | 3 4 5 |  5.3
Fighting       | 4 |  4.5
Polearms       | 1 |  1.7
Dodging        | |  2.5
Stealth        | |  0.2

Action                     |  1- 3 |  4- 6 || total
---------------------------+-------+-------++-------
  Melee: Mace              |    71 |   107 ||   178
         Headbutt          |     9 |    12 ||    21
 Invoke: Berserk           |     1 |     3 ||     4
         Trog's Hand       |       |     7 ||     7
 Armour: Chain mail        |    14 |       ||    14
         Plate armour      |    53 |   144 ||   197
  Dodge: Dodged            |    27 |    53 ||    80

Table legend: (Time is in decaauts)
 A = Elapsed time spent in this place.
 B = Non-inter-level travel time spent in this place.
 C = Inter-level travel time spent in this place.
 D = Time resting spent in this place.
 E = Time spent auto-exploring this place.
 F = Levels seen in this place.
 G = Mean time per level.
                   A        B        C        D        E       F      G
               +--------+--------+--------+--------+--------+-----+--------+
         Total |   2848 |   2848 |      0 |      0 |   1356 |   4 |  712.0 |
       Dungeon |   2848 |   2848 |      0 |      0 |   1356 |   4 |  712.0 |
               +--------+--------+--------+--------+--------+-----+--------+

Top non-repeatable levels by time:
     D:1: 1004 daAuts
     D:3: 968 daAuts
     D:2: 566 daAuts
     D:4: 309 daAuts
